 Dungeon Crawl Stone Soup version 0.27-a0-1245-g940ed4fa31 (webtiles) character file.

Game seed: 9641043280036178291

85 kaeus the Insei (level 4, 0/32 HPs)
             Began as a Demonspawn Transmuter on June 9, 2021.
             Slain by a kobold
             ... wielding a +0 short sword
              (5 damage)
             ... on level 2 of the Dungeon.
             The game lasted 00:04:55 (2452 turns).

kaeus the Insei (Demonspawn Transmuter)             Turns: 2452, Time: 00:04:55

Health: 0/32       AC:  2    Str: 10    XL:     4   Next: 25%
Magic:  5/8        EV: 12    Int: 15    God:
Gold:   108        SH:  0    Dex: 14    Spells: 4/8 levels left

rFire    . . .     SeeInvis .     - Unarmed
rCold    . . .     Faith    .   (no shield)
rNeg     . . .     Spirit   .   a - +0 robe
rPois    .         Reflect  .   (no helmet)
rElec    .         Harm     .   (no cloak)
rCorr    .         Rampage  .   (no gloves)
Will     .....                  (no boots)
Stlth    +.........             (no amulet)
HPRegen  0.10/turn              (no ring)
MPRegen  0.11/turn              (no ring)

@: no status effects
A: claws 1, spiny 1
a: no special abilities


You were on level 2 of the Dungeon.
You visited 1 branch of the dungeon, and saw 3 of its levels.

You collected 108 gold pieces.

Inventory:

Armour
 a - a +0 robe (worn)
Jewellery
 i - a ring of ice
Scrolls
 b - a scroll of blinking {unknown}
 c - a scroll of noise {unknown}
 d - 2 scrolls of identify {unknown}
 g - a scroll of magic mapping {unknown}
 h - a scroll of summoning {unknown}
Potions
 e - a potion of heal wounds {unknown}
 f - a potion of lignification {unknown}


   Skills:
 - Level 1.5 Fighting
 - Level 2.0 Dodging
 - Level 3.0 Unarmed Combat
 + Level 2.7 Spellcasting
 + Level 2.5 Transmutations
 * Level 1.6 Poison Magic


You had 4 spell levels left.
You knew the following spells:

 Your Spells              Type           Power      Damage    Failure   Level
a - Beastly Appendage     Tmut           18%        N/A       8%          1
b - Spider Form           Tmut/Pois      4%         N/A       26%         3

Your spell library contained the following spells:

 Spells                   Type           Power      Damage    Failure   Level
 Wereblood                Tmut           9%         N/A       11%         2
 Animate Skeleton         Necr           4%         N/A       21%         1
 Pain                     Necr           8%         1d4       21%         1
 Vampiric Draining        Necr           1%         2d6       52%         3
 Ice Form                 Ice/Tmut       5%         N/A       77%         4
 Animate Dead             Necr           1%         N/A       90%         4
 Agony                    Necr           2%         N/A       99%         5


Dungeon Overview and Level Annotations

Branches:
Dungeon (3/15)

Altars:


Innate Abilities, Weirdness & Mutations

You have sharp fingernails.
You are partially covered in sharp spines.


Message History

You have reached level 4!
You feel agile.
You regained 5 hp, and now have 22/32 hp.
You hit the gnoll.
The gnoll is poisoned.
The gnoll is lightly wounded.
The gnoll hits you with a +0 whip!
You take 7 damage, and have 15/32 hp.
MASSIVE DAMAGE!!
You hit the gnoll.
The gnoll looks as sick as possible!
The gnoll is severely wounded.
The gnoll barely misses you.
You hit the gnoll.
You kill the gnoll!
You hit the orc.
The orc is poisoned.
The orc is heavily wounded.
The orc hits you with a +0 flail.
You take 3 damage, and have 12/32 hp.
You barely miss the orc.
The orc is heavily wounded.
The orc completely misses you.
You barely miss the orc.
The orc is heavily wounded.
The orc closely misses you.
You hit the orc.
You kill the orc!
Your transformation has ended.
Your +0 robe unmelds from your body.
You scratch the kobold.
The kobold is heavily wounded.
The kobold hits you with a +0 short sword.
* * * LOW HITPOINT WARNING * * *
You take 3 damage, and have 9/32 hp.
You scratch the kobold.
The kobold is severely wounded.
The kobold hits you with a +0 short sword.
* * * LOW HITPOINT WARNING * * *
You take 5 damage, and have 4/32 hp.
You scratch the kobold but do no damage.
The kobold is severely wounded.
The kobold hits you with a +0 short sword.
You die...

.########## #)# #.## #.#
.....>.)..# ##.#####.####.##
......###.# #..............# ##
......# #.####..#####.####..#
##. ......#
#........####.####..###.#
......#
#........[).........##.##
.##.#####.####...>......###...##
.##.......# #.#K####.#.# ####.##
.##.####### #.#@###..#.# ##.#
.##.# #.#......#.# ##. .##.#
#.#.##..##.########. ....#
#####.#.##..#........... <...##
#...........)..######### )....##
#.##...........#
......####.##...)....####
..............#####.##
........#####.# #.#


You could see a kobold.

Vanquished Creatures
  3 gnolls (D:2)
  An adder (D:2)
  A dart slug (D:2)
  2 orcs (D:2)
  A ball python (D:2)
  10 goblins
  3 hobgoblins (D:2)
  7 kobolds
  3 quokkas
  4 bats
  6 frilled lizards
  6 rats
47 creatures vanquished.

Notes
Turn   | Place    | Note
-------+----------+-------------------------------------------
     0 | D:1      | kaeus the Demonspawn Transmuter began the quest for the
                  | Orb.
     0 | D:1      | Reached XP level 1. HP: 15/15 MP: 3/3
   904 | D:1      | Gained mutation: You are partially covered in sharp spines.
                  | [demonic ancestry]
   904 | D:1      | Reached XP level 2. HP: 21/21 MP: 3/5
   929 | D:1      | Found a faded altar of an unknown god.
  1428 | D:2      | Reached skill level 3 in Unarmed Combat
  1428 | D:2      | Gained mutation: You have sharp fingernails. [demonic
                  | ancestry]
  1428 | D:2      | Reached XP level 3. HP: 20/26 MP: 4/6
  1447 | D:2      | Learned a level 3 spell: Spider Form
  2230 | D:2      | Reached skill level 1 in Poison Magic
  2443 | D:2      | Reached XP level 4. HP: 22/32 MP: 4/7
  2452 | D:2      | Slain by a kobold

Illustrated notes

Levels and vault maps discovered:
D:1:      minmay_arrival_three_doors, layout_loops_ring,
          ebering_ecumenical_altar_abandoned
D:2:      layout_loops_ring
D:3:      layout_loops_ring, serial_aquarium, aquarium_bridge_long_separate
          [aquarium_subvault_wall, aquarium_subvault_bridge,
          aquarium_subvault_bridge, aquarium_subvault_bridge,
          aquarium_subvault_window, aquarium_subvault_bridge],
          aquarium_bridge_square [aquarium_subvault_window,
          aquarium_subvault_bridge, aquarium_subvault_window,
          aquarium_subvault_balcony], aquarium_window_2,
          aquarium_window_corridor_1, aquarium_window_1, aquarium_window_fake,
          aquarium_view_2b, aquarium_view_2e, uniq_robin

Skill      XL: |  1  2  3 |
---------------+----------+-----
Transmutations | 2 |  2.5
Dodging        | 2 |  2.0
Unarmed Combat | 3 |  3.0
Poison Magic   | 1 |  1.6
Fighting       | |  1.5
Spellcasting   | |  2.7

Action                   |  1- 3 |  4- 6 || total
-------------------------+-------+-------++-------
Melee: Unarmed           |    62 |    10 ||    72
       Kick              |     4 |       ||     4
       Headbutt          |     4 |       ||     4
       Punch             |     1 |       ||     1
 Cast: Beastly Appendage |    19 |       ||    19
       Spider Form       |     3 |       ||     3
Armor: Robe              |     5 |       ||     5
Dodge: Dodged            |    35 |     3 ||    38

Table legend: (Time is in decaauts)
 A = Elapsed time spent in this place.
 B = Non-inter-level travel time spent in this place.
 C = Inter-level travel time spent in this place.
 D = Time resting spent in this place.
 E = Time spent auto-exploring this place.
 F = Levels seen in this place.
 G = Mean time per level.
                   A        B        C        D        E       F      G
               +--------+--------+--------+--------+--------+-----+--------+
         Total |   2449 |   2399 |     50 |    901 |   1074 |   3 |  816.3 |
       Dungeon |   2449 |   2399 |     50 |    901 |   1074 |   3 |  816.3 |
               +--------+--------+--------+--------+--------+-----+--------+

Top non-repeatable levels by time:
     D:1: 1373 daAuts
     D:2: 1062 daAuts
     D:3: 13 daAuts
